 Dungeon Crawl Stone Soup version 0.15.2 (webtiles) character file.

10 araganzar the Charmwright (level 2, 0/23 HPs)
             Began as a Demonspawn Skald on Jan 6, 2015.
             Slain by a jackal (3 damage)
             ... on Level 1 of the Dungeon.
             The game lasted 00:01:10 (510 turns).

araganzar the Charmwright (Demonspawn Skald)         Turns: 510, Time: 00:01:10

HP   0/23        AC  5     Str 12      XL: 2   Next: 10%
MP   2/4         EV 10     Int 13      God:
Gold 0           SH  2     Dex 12      Spells:  1 memorised,  4 levels left

rFire  . . .     SeeInvis .     a - +0 spear
rCold  . . .     Clarity  .     b - +0 leather armour
rNeg   . . .     rCorr    .     (no shield)
rPois  .         rRot     .     (no helmet)
rElec  .         Spirit   .     (no cloak)
SustAb .         Warding  .     (no gloves)
rMut   .         Stasis   .     (no boots)
Gourm  .                        (no amulet)
MR     .....                    (no ring)
                                f - ring of teleport control

@: infused, very slightly contaminated, not resistant to hostile enchantments,
very unstealthy
A: large bone plates 1
a: Evoke Teleport Control


You were on level 1 of the Dungeon.
You were not hungry.

You visited 1 branch of the dungeon, and saw 1 of its levels.


Innate Abilities, Weirdness & Mutations

You are partially covered in large bone plates (AC +2, SH +2).


   Skills:
 + Level 2.3 Fighting
 + Level 1.9 Polearms
 - Level 0.8 Armour
 - Level 0.8 Dodging
 + Level 2.0 Spellcasting
 + Level 2.9 Charms


You had 4 spell levels left.
You knew the following spells:

 Your Spells              Type           Power        Failure   Level  Hunger
a - Infusion              Chrm           #.....       10%         1    ##.....


Dungeon Overview and Level Annotations

Branches:
Dungeon (1/15)

Altars:

Inventory:

Hand weapons
 a - a +0 spear (weapon)
Missiles
 e - 20 poisoned needles
Armour
 b - a +0 leather armour (worn)
Comestibles
 d - a bread ration
Jewellery
 f - a ring of teleport control (left hand)
   (You found it on level 1 of the Dungeon)
Potions
 g - 3 potions of curing {unknown}
Books
 c - a book of Battle

   Spells                             Type                      Level
   *Infusion                          Charms                       1
   Shroud of Golubria                 Charms/Translocation         2
   Song of Slaying                    Charms                       2
   Spectral Weapon                    Hexes/Charms                 3
   Regeneration                       Charms/Necromancy            3

#...####### #
#.........###...
###............... .
............### ..!
#.....%.%.#.# ....
#..h........# .....
##.#......#.#.##
#......####..###.......[.
........@h.......>##.#.#.
############...........#
############..##.######
###....................
#.........###.#.##.###
#.........###.#..#.#
#................#.#
#..)......###.#....#
#.........###.#.#..#


You could see a jackal.


Message History

The bat closely misses you.
You hit the jackal.
You kill the jackal!
You have reached level 2!
Your demonic ancestry asserts itself...
Large bone plates grow over parts of your arms.
The bat closely misses you.
A jackal comes into view.
The jackal barks!
The bat hits you but does no damage.
A jackal comes into view.
Unknown command.
The jackal barks!
The bat hits you but does no damage.
Unknown command.
You are too injured to fight recklessly!
Unknown command.
Unknown command.
The bat closely misses you. The bat barely misses you.
The bat hits you but does no damage.
The jackal bites you but does no damage.
A bat comes into view.
The bat barely misses you. x2
The bat hits you but does no damage. The bat closely misses you.
The bat closely misses you. The bat barely misses you.
The bat barely misses you. You block the bat's attack.
The bat barely misses you.
Found a smoky white potion.
Casting: Infusion You miscast Infusion.
You are very lightly contaminated with residual magic.
Strange energies run through your body. The bat hits you but does no damage.
You closely miss the bat. The bat barely misses you.
You are too injured to fight recklessly!
You closely miss the bat. The bat closely misses you.
The bat barely misses you.
You are too injured to fight recklessly!
You are too injured to fight recklessly!
You hit the bat.
You kill the bat!
You closely miss the jackal. The jackal barely misses you.
The jackal closely misses you.
You closely miss the jackal. The jackal barely misses you.
You closely miss the jackal. The jackal closely misses you.
You hit the jackal but do no damage. The jackal barely misses you.
The jackal bites you but does no damage.
You barely miss the jackal. The jackal barely misses you.
You closely miss the jackal.
The jackal bites you but does no damage.
The jackal completely misses you.
You closely miss the jackal. The jackal completely misses you.
You barely miss the jackal. The jackal completely misses you.
You barely miss the jackal. The jackal closely misses you.
The jackal bites you but does no damage.
Casting: Infusion You begin infusing your attacks with magical energy.
The jackal bites you.
* * * LOW HITPOINT WARNING * * *
You hit the jackal but do no damage. The jackal bites you.
* * * LOW HITPOINT WARNING * * *
The jackal barely misses you.
You barely miss the jackal. The jackal closely misses you.
Unknown command.
You hit the jackal!
You kill the jackal!
Unknown command.
You closely miss the jackal. The jackal bites you.
You die...

Action                   || total
-------------------------++-------
Melee: Spear             ||    46
 Cast: Infusion          ||     2

Vault maps used:
D:1:      lemuel_arrival_muddy

Notes
Turn   | Place    | Note
--------------------------------------------------------------
     0 | D:1      | araganzar, the Demonspawn Skald, began the quest for the Orb.
     0 | D:1      | Reached XP level 1. HP: 16/16 MP: 3/3
   481 | D:1      | Gained mutation: You are partially covered in large bone plates (AC +2, SH +2). [demonic ancestry]
   481 | D:1      | Reached XP level 2. HP: 6/23 MP: 4/4
   507 | D:1      | HP: 3/23 [jackal (3)]
   510 | D:1      | Slain by a jackal

Vanquished Creatures
  3 bats (D:1)
  2 hobgoblins (D:1)
  2 jackals (D:1)
  A ball python (D:1)
  A goblin (D:1)
  A kobold (D:1)
10 creatures vanquished.
